 Dungeon Crawl Stone Soup version 0.22-a0-897-g1b7a381375 (webtiles) character file.

331 Bapho the Poker (level 6, -9/52 HPs)
             Began as a Draconian Monk on July 30, 2018.
             Was a Priest of Nemelex Xobeh.
             Mangled by Menkaure (19 damage)
             ... on level 4 of the Dungeon.
             The game lasted 00:07:19 (3445 turns).

Bapho the Poker (Draconian Monk)                    Turns: 3445, Time: 00:07:19

Health: -9/52      AC:  8    Str: 11 (14) XL:     6   Next: 26%
Magic:  9/9        EV: 13    Int:  9 (10) God:    Nemelex Xobeh [***...]
Gold:   111        SH:  0    Dex: 13 (15) Spells: 5/5 levels left

rFire    . . .     SeeInvis .   a - +0 spear
rCold    . . .     Gourm    .   (no shield)
rNeg     . . .     Faith    .   (armour unavailable)
rPois    .         Spirit   .   (helmet restricted)
rElec    .         Reflect  .   v - +0 cloak
rCorr    .         Harm     .   l - +0 pair of gloves
MR       .....                  (no boots)
Stlth    ++........             (no amulet)
HPRegen  0.17/turn              (no ring)
MPRegen  0.11/turn              (no ring)

@: no status effects
A: unfitting armour, cold-blooded, AC +6
a: Triple Draw, Renounce Religion


You were on level 4 of the Dungeon.
You worshipped Nemelex Xobeh.
Nemelex Xobeh was most pleased with you.
You were very hungry.

You visited 1 branch of the dungeon, and saw 4 of its levels.

You collected 111 gold pieces.

Inventory:

Hand Weapons
 a - a +0 spear (weapon)
Missiles
 d - 20 stones (quivered)
 n - 44 arrows
Armour
 l - a +0 pair of gloves (worn)
 v - a +0 cloak (worn)
Jewellery
 e - an uncursed amulet of guardian spirit
Scrolls
 f - a scroll of blinking {unknown}
 g - a scroll of enchant weapon {unknown}
 h - a scroll of noise {unknown}
 i - a scroll of amnesia {unknown}
 j - 2 scrolls of fog {unknown}
 p - a scroll of immolation {unknown}
 r - 4 scrolls of teleportation {unknown}
 s - 2 scrolls of identify {unknown}
Miscellaneous
 q - a plain deck of escape
 t - a plain deck of escape {drawn: 1}
Comestibles
 b - 7 rations


   Skills:
 - Level 4.2 Fighting
 + Level 5.4 Polearms
 - Level 2.6 Dodging
 - Level 1.7 Stealth
 * Level 4.0 Invocations


You had 5 spell levels left.
You didn't know any spells.
Your spell library was empty.

Dungeon Overview and Level Annotations

Branches:
Dungeon (3/15)

Altars:
Nemelex Xobeh
Ru

Annotations:
D:4 Menkaure


Innate Abilities, Weirdness & Mutations

Your plain brown scales are hard. (AC +6)
You cannot fit into any form of body armour.
You are cold-blooded and may be slowed by cold attacks.


Message History

Menkaure is heavily damaged.
Menkaure hits you but does no damage.
You hit Menkaure but do no damage.
Menkaure is heavily damaged.
Your transformation is almost over.
Menkaure hits you but does no damage.
It was a potion of cancellation.
Your magical effects are unravelling.
You feel magically purged.
You feel less wooden.
Your +0 cloak unmelds from your body.
Your +0 pair of gloves unmelds from your body.
Menkaure casts a spell at you. Pain shoots through your body!
* * * LOW HITPOINT WARNING * * *
You hit Menkaure but do no damage.
Menkaure is heavily damaged.
Menkaure hits you!!
You die...
Your body glows with a rainbow of weird colours and disappears.

#...######.M...#####...
#...+....#............
#...##...#..........#
#...##...#....(>....#
.........#.....a....#
#........#..........#
#........#..........#
.........#.....##M###
....####'#.....#@..#
#####..>.......#...#
#...#..........#....#
....#..........#....+
....#.[........######
....#............
....#.............
....#.............
....#.....#####...


You could see Menkaure.

Vanquished Creatures
  A jelly (D:4)
  An orc priest (D:3)
  2 orc wizards (D:3)
  Crazy Yiuf (D:2)
  A worker ant (D:4)
  A hound zombie (D:4)
  6 adders
  An ooze (D:4)
  3 worms
  2 dart slugs
  A leopard gecko (D:1)
  6 orcs (D:3)
  7 bats
  2 giant cockroaches
  5 goblins
  6 hobgoblins
  2 ball pythons
  7 frilled lizards
  7 kobolds
  5 rats
67 creatures vanquished.

Vanquished Creatures (others)
  An orc priest (D:3)
  A ball lightning (D:3)
  A frilled lizard (D:3)
3 creatures vanquished.

Grand Total: 70 creatures vanquished

Notes
Turn   | Place    | Note
-------+----------+-------------------------------------------
     0 | D:1      | Bapho the Draconian Monk began the quest for the Orb.
     0 | D:1      | Reached XP level 1. HP: 19/19 MP: 1/1
     3 | D:1      | Noticed an electric eel
     3 | D:1      | Noticed an electric eel
   211 | D:1      | Reached XP level 2. HP: 25/26 MP: 2/2
   456 | D:2      | Found a faded altar of an unknown god.
   631 | D:2      | Reached XP level 3. HP: 21/33 MP: 3/3
   926 | D:2      | Reached skill level 4 in Polearms
  1008 | D:2      | Became a worshipper of Nemelex Xobeh the Trickster
  1008 | D:2      | Received a gift from Nemelex Xobeh
  1008 | D:2      | Reached * piety under Nemelex Xobeh
  1008 | D:2      | Reached ** piety under Nemelex Xobeh
  1008 | D:2      | Received a gift from Nemelex Xobeh
  1353 | D:2      | Found a sacrificial altar of Ru.
  1366 | D:2      | Reached *** piety under Nemelex Xobeh
  1602 | D:2      | Found a runed door.
  1832 | D:2      | Received a gift from Nemelex Xobeh
  2257 | D:2      | Noticed Crazy Yiuf
  2258 | D:2      | Killed Crazy Yiuf
  2258 | D:2      | Reached XP level 4. HP: 40/40 MP: 4/4
  2378 | D:3      | Reached skill level 1 in Invocations
  2393 | D:3      | Reached XP level 5. HP: 28/46 MP: 6/6
  2642 | D:3      | Reached skill level 5 in Polearms
  2967 | D:3      | Noticed an orc warrior
  2971 | D:3      | HP: 2/46 [orc warrior/tomahawk (16)]
  2972 | D:3      | You fall through a shaft!
  3324 | D:4      | Reached XP level 6. HP: 52/52 MP: 8/8
  3407 | D:4      | Noticed Menkaure
  3445 | D:4      | Mangled by Menkaure

Vault maps used:
D:1:      arrival_aquarium_b
D:2:      chequers_ecumenical_altar_simple, nicolae_ru_path_of_blood,
          uniq_crazy_yiuf_cottage
D:3:      serial_bayou_pond_c, st_stairs_4
D:4:      first_ration, uniq_menkaure

Skill      XL: |  1  2  3  4  5  6 |
---------------+-------------------+-----
Polearms       | 4 5 |  5.4
Fighting       | 4 |  4.2
Invocations    | 1 3 4 |  4.0
Dodging        | |  2.6
Stealth        | |  1.7

Action                   |  1- 3 |  4- 6 || total
-------------------------+-------+-------++-------
Melee: Spear             |   146 |   158 ||   304
       Tailslap          |    10 |    12 ||    22
Throw: Stone             |    85 |    52 ||   137
Evoke: Deck              |     1 |     7 ||     8
  Use: Potion            |       |     4 ||     4
 Stab: Sleeping          |     2 |       ||     2
  Eat: Chunk             |     4 |     3 ||     7
Armor: Skin              |    26 |    52 ||    78
Dodge: Dodged            |    73 |    58 ||   131

Table legend:
 A = Spawn XP
 B = Non-spawn XP
 C = Spawn XP percentage of total XP
 D = Spawn monster count
 E = Non-spawn monster count
 F = Spawn count percentage of total count
 G = Total turns spent on level
                    A         B        C        D         E        F      G
               +---------+---------+-------+---------+---------+-------+---------
         Total |       0 |     474 |   0.0 |       0 |      69 |   0.0 |  3445
               +---------+---------+-------+---------+---------+-------+---------
           D:1 |       0 |      21 |   0.0 |       0 |      14 |   0.0 |   456
           D:2 |       0 |     112 |   0.0 |       0 |      27 |   0.0 |  1860
           D:3 |       0 |     238 |   0.0 |       0 |      23 |   0.0 |   656
           D:4 |       0 |     103 |   0.0 |       0 |       5 |   0.0 |   473
               +---------+---------+-------+---------+---------+-------+---------
